Map: Lightshade LE

Players

PattyMac

  • Race: Protoss Protoss
  • League: Grandmaster
  • Spawn Location: 11:00

Astrea - Winner!

  • Race: Protoss Protoss
  • League: Master
  • Spawn Location: 5:00

Event: DreamHack SC2 Masters 2020 Winter

VOD

Have the link to the VOD?

Description

Time

  • Played on: Oct. 29, 2020, 5:14 p.m.
  • Length: 7:44

All games in this series

Show
View Real Time Build Order
Export as new Build Order

PattyMac Protoss 

Build Orders: 1 Gate Expand 

Get SALT Encoding   

  12  0:00  Probe  
  13  0:12  Probe  
  14  0:17  Pylon  
  14  0:24  Probe (Chrono Boost)  
  16  0:36  Gateway, Probe (Chrono Boost)  
  16  0:42  Probe (Chrono Boost)  
  16  0:45  Assimilator  
  17  0:51  Probe  
  19  1:15  Nexus  
  19  1:25  Cybernetics Core  
  18  1:27  Probe  
  19  1:34  Assimilator  
  19  1:39  Probe  
  20  1:45  Pylon  
  20  1:51  Probe  
  20  1:53  Warp Gate (Chrono Boost)  
  21  2:04  Probe  
  22  2:16  Probe  
  22  2:19  Gateway  
  22  2:21  Gateway  
  23  2:24  Gateway  
  23  2:27  Probe  
  24  2:31  Probe  
  25  2:37  Shield Battery  
  25  2:39  Probe  
  25  2:43  Probe  
  27  2:49  Shield Battery  
  27  2:52  Probe  
  27  2:56  Probe  
  29  3:04  Probe  
  30  3:08  Probe  
  31  3:14  Pylon  
  31  3:19  Stalker x2  
  35  3:21  Stalker  
  35  3:26  Sentry  
  39  3:28  Shield Battery  
  39  3:30  Probe  
  39  3:31  Probe  
  41  3:40  Assimilator  
  41  3:43  Adept x2  
  41  3:44  Probe  
  41  3:46  Probe  
  47  3:54  Twilight Council  
  47  3:56  Probe  
  47  3:58  Stalker  
  50  4:10  Probe x2  
  50  4:15  Pylon  
  52  4:22  Stalker  
  52  4:26  Pylon  
  52  4:27  Stalker  
  52  4:35  Blink (Chrono Boost)  
  52  4:37  Probe x2 (Chrono Boost)  
  46  4:48  Probe (Chrono Boost)  
  46  4:50  Probe (Chrono Boost)  
  48  4:53  Probe (Chrono Boost)  
  48  4:57  Stalker  
  48  4:58  Probe  
  52  5:03  Probe  
  52  5:05  Pylon  
  53  5:12  Probe  
  54  5:15  Stalker, Probe  
  57  5:24  Probe  
  57  5:27  Probe  
  59  5:30  Gateway  
  59  5:37  Stalker  
  59  5:38  Stalker x2  
  65  5:43  Phoenix  
  65  5:47  Probe x2  
  67  5:54  Pylon  
  67  5:55  Stalker  
  69  5:58  Pylon  
  69  6:02  Stalker x2  
  73  6:06  Stalker  
  75  6:23  Stalker  
  77  6:32  Probe x2  
  69  6:36  Stalker x2  
  73  6:42  Nexus  
  73  6:44  Probe (Chrono Boost)  
  70  6:47  Probe (Chrono Boost)  
  70  6:53  Stalker x3  
  78  6:55  Probe (Chrono Boost)  
  78  6:59  Pylon  
  78  7:00  Probe (Chrono Boost)  
  76  7:02  Forge  
  77  7:14  Probe  
  74  7:19  Stalker x2, Probe  
  74  7:20  Stalker  
  79  7:26  Probe  
  80  7:31  Probe  
  80  7:32  Gateway  
  80  7:33  Gateway  
Show
View Real Time Build Order
Export as new Build Order

Astrea Protoss - Winner!

Build Orders: Oracle Opening 

Get SALT Encoding   

  12  0:00  Probe  
  13  0:12  Probe  
  14  0:17  Pylon  
  14  0:24  Probe (Chrono Boost)  
  15  0:36  Probe (Chrono Boost)  
  15  0:37  Gateway  
  16  0:45  Probe (Chrono Boost)  
  16  0:46  Assimilator  
  17  0:51  Probe  
  17  0:55  Assimilator  
  18  1:03  Probe (Chrono Boost)  
  19  1:11  Pylon  
  19  1:12  Probe (Chrono Boost)  
  19  1:17  Probe (Chrono Boost)  
  20  1:23  Cybernetics Core  
  21  1:29  Probe  
  22  1:41  Probe  
  23  1:53  Probe  
  24  2:00  Stalker (Chrono Boost), Warp Gate  
  26  2:05  Probe  
  26  2:07  Stargate  
  27  2:09  Pylon  
  27  2:17  Probe  
  27  2:22  Stalker (Chrono Boost)  
  30  2:32  Probe  
  30  2:36  Shield Battery  
  31  2:51  Nexus  
  31  2:53  Oracle (Chrono Boost)  
  31  2:56  Probe  
  35  3:00  Pylon  
  35  3:09  Probe  
  36  3:14  Pylon  
  36  3:21  Probe  
  36  3:26  Oracle (Chrono Boost)  
  40  3:33  Probe  
  41  3:38  Shield Battery  
  41  3:42  Robotics Facility  
  41  3:47  Probe  
  42  3:49  Sentry  
  44  4:02  Probe (Chrono Boost)  
  45  4:05  Probe (Chrono Boost)  
  46  4:15  Probe (Chrono Boost)  
  46  4:16  Probe (Chrono Boost)  
  48  4:19  Void Ray  
  48  4:20  Probe (Chrono Boost)  
  48  4:28  Probe (Chrono Boost)  
  48  4:31  Observer, Probe (Chrono Boost)  
  53  4:37  Probe (Chrono Boost)  
  55  4:38  Probe (Chrono Boost)  
  55  4:46  Assimilator, Probe  
  55  4:48  Probe  
  57  4:53  Immortal  
  57  4:57  Assimilator  
  57  4:58  Probe  
  62  5:00  Probe  
  63  5:08  Void Ray  
  63  5:10  Probe  
  63  5:12  Probe  
  65  5:19  Nexus, Pylon  
  69  5:22  Probe  
  70  5:30  Observer  
  70  5:33  Pylon  
  70  5:35  Shield Battery  
  70  5:36  Pylon  
  70  5:37  Probe x2  
  70  5:41  Immortal (Chrono Boost)  
  70  5:42  Void Ray  
  72  5:49  Probe x2  
  82  5:57  Sentry  
  84  6:06  Gateway  
  84  6:07  Shield Battery  
  84  6:13  Immortal (Chrono Boost)  
  84  6:16  Shield Battery, Void Ray  
  88  6:21  Stalker  
  90  6:38  Probe  
  91  6:40  Probe x2  
  91  6:43  Gateway  
  91  6:45  Forge  
  92  6:50  Probe  
  92  6:52  Probe x2  
  92  6:54  Immortal  
  95  6:58  Void Ray  
  95  6:59  Pylon  
  99  7:02  Probe  
  99  7:04  Probe  
  105  7:15  Zealot x2  
  105  7:17  Probe (Chrono Boost)  
  105  7:18  Probe (Chrono Boost)  
  105  7:19  Probe (Chrono Boost)  
  105  7:21  Twilight Council  
  112  7:29  Probe (Chrono Boost)  
  113  7:31  Probe x2 (Chrono Boost)  
  113  7:33  Pylon  
  115  7:37  Pylon  
Tags
 
Add a new tag
Caveats
  • Supply blocks, unpowered buildings, or Contaminate may cause inaccurate times.
  • Supply counts are checked every 10 seconds.